 Dungeon Crawl Stone Soup version 0.25.0-41-g26779e291d (webtiles) character file.

Game seed: 7999501853885169820

236 Milting the Insei (level 6, -3/41 HPs)
             Began as an Octopode Transmuter on July 10, 2020.
             Slain by an adder (4 damage)
             ... on level 2 of the Dungeon.
             The game lasted 00:07:43 (1867 turns).

Milting the Insei (Octopode Transmuter)             Turns: 1867, Time: 00:07:49

Health: -3/41      AC:  1    Str: 11    XL:     6   Next: 6%
Magic:  9/9        EV: 16    Int: 15    God:
Gold:   47         SH:  0    Dex: 13    Spells: 9/10 levels left

rFire    . . .     SeeInvis .     - Unarmed
rCold    . . .     Gourm    .   (no shield)
rNeg     . . .     Faith    .   (helmet restricted)
rPois    .         Spirit   .   (no amulet)
rElec    .         Reflect  .   (no ring)
rCorr    .         Harm     .   (no ring)
MR       +....                  (no ring)
Stlth    +++.......             (no ring)
HPRegen  0.13/turn              (no ring)
MPRegen  0.11/turn              (no ring)
                                (no ring)
                                (no ring)

@: lethally poisoned (-3 -> -7)
A: almost no armour, stealthy swim, amphibious, 8 rings, constrict 8, repulsion
field 1, camouflage 1, magic resistance 1, gelatinous body 1, evolution 1
a: no special abilities


You were on level 2 of the Dungeon.
You were not hungry.

You visited 1 branch of the dungeon, and saw 3 of its levels.

You collected 47 gold pieces.

Inventory:

Missiles
 a - 42 arrows
 b - 61 sling bullets
 g - 19 stones (quivered)
Scrolls
 e - a scroll of amnesia {unknown}
 h - a scroll of identify {unknown}
 i - a scroll of remove curse {unknown}
 k - a scroll of magic mapping {unknown}
 l - a scroll of noise {unknown}
Potions
 d - 2 potions of mutation
 f - a potion of degeneration {unknown}
Comestibles
 c - a ration
 j - 2 chunks of flesh


   Skills:
 * Level 2.6 Fighting
 * Level 3.1 Dodging
 * Level 3.3 Stealth
 * Level 4.0 Unarmed Combat
 + Level 2.5 Spellcasting
 + Level 2.6 Transmutations


You had 9 spell levels left.
You knew the following spells:

 Your Spells              Type           Power        Failure   Level  Hunger
a - Beastly Appendage     Tmut           #.....       7%          1    #......

Your spell library contained the following spells:

 Spells                   Type           Power        Failure   Level  Hunger
 Sticks to Snakes         Tmut           #.......     11%         2    ###....
 Spider Form              Tmut/Pois      #.........   36%         3    ###....
 Ice Form                 Ice/Tmut       #.......     77%         4    #####..
 Blade Hands              Tmut           #.........   89%         5    ######.


Dungeon Overview and Level Annotations

Branches:
Dungeon (3/15)

Altars:


Innate Abilities, Weirdness & Mutations

You cannot wear most types of armour.
You are very stealthy in the water. (Stealth+)
You are amphibious.
You can wear up to eight rings at the same time.
You can use your tentacles to constrict eight enemies at once.
Your skin changes colour to match your surroundings (Stealth+).
Your rubbery body absorbs attacks. (AC +1, EV +1)
You are surrounded by a mild repulsion field. (EV +2)
You are resistant to hostile enchantments. (MR+)
You evolve.


Message History

Your Dodging skill increases to level 3!
Your Stealth skill increases to level 3!
Your Unarmed Combat skill increases to level 4!
You have reached level 5!
You feel agile.
You have reached level 6!
Your experience leads to an increase in your attributes!
Increase (S)trength, (I)ntelligence, or (D)exterity?
You feel stronger. The adder bites you.
* * * LOW HITPOINT WARNING * * *
You are lethally poisoned!
The adder poisons you!
It was a potion of mutation.
You feel extremely strange.
You feel resistant to hostile enchantments.
You feel nature experimenting on you.
Don't worry, failures die fast.
You begin to radiate repulsive energy.
* * * LOW HITPOINT WARNING * * *
You feel sick. The adder bites you.
You die...

. ####♣♣ ...
##.#..♣♣ ....
####......♣♣
.....#..........♣
###..#.....#...♣.♣
...........##♣♣♣
###.....# #...@.#
###S### #S# ...
...## ....# .###.)
#. ... # ...


You could see 2 adders.

Vanquished Creatures
  Sigmund (D:2)
  An orc wizard (D:3)
  2 adders (D:3)
  A dart slug (D:1)
  3 leopard geckos
  3 orcs (D:3)
  A giant cockroach (D:3)
  4 goblins (D:1)
  2 hobgoblins
  2 quokkas
  3 bats
  3 kobolds
  7 rats
33 creatures vanquished.

Notes
Turn   | Place    | Note
-------+----------+-------------------------------------------
     0 | D:1      | Milting the Octopode Transmuter began the quest for the
                  | Orb.
     0 | D:1      | Reached XP level 1. HP: 13/13 MP: 3/3
   291 | D:1      | Reached XP level 2. HP: 13/18 MP: 5/5
   435 | D:1      | Reached skill level 1 in Stealth
  1387 | D:3      | Reached XP level 3. HP: 22/23 MP: 6/6
  1457 | D:3      | Reached XP level 4. HP: 19/29 MP: 7/7
  1846 | D:2      | Noticed Sigmund
  1866 | D:2      | Killed Sigmund
  1866 | D:2      | Reached skill level 4 in Unarmed Combat
  1866 | D:2      | Reached XP level 5. HP: 6/35 MP: 8/8
  1866 | D:2      | Reached XP level 6. HP: 7/41 MP: 9/9
  1866 | D:2      | HP: 2/41 [adder (5)]
  1867 | D:2      | Gained mutation: You are resistant to hostile enchantments.
                  | (MR+) [potion of mutation]
  1867 | D:2      | Gained mutation: You evolve. [potion of mutation]
  1867 | D:2      | Gained mutation: You are surrounded by a mild repulsion
                  | field. (EV +2) [potion of mutation]
  1867 | D:2      | Slain by an adder

Illustrated notes

Levels and vault maps discovered:
D:1:      minmay_arrival_stair_chambers, layout_loops_ring, fountainhead
D:2:      layout_rooms, first_ration, minmay_rat_gold_closets, uniq_sigmund,
          uniq_crazy_yiuf_cottage
D:3:      layout_basic, chequers_serial_rivers_micro_b

Skill      XL: |  1  2  3  4 |
---------------+-------------+-----
Stealth        | 1 2 3 |  3.3
Fighting       | 2 |  2.6
Dodging        | 3 |  3.1
Unarmed Combat | 4 |  4.0
Spellcasting   | |  2.5
Transmutations | |  2.6

Action                   |  1- 3 |  4- 6 || total
-------------------------+-------+-------++-------
Melee: Unarmed           |    46 |    40 ||    86
       Constrict         |    10 |    11 ||    21
       Kick              |     1 |       ||     1
       Tentacles         |     6 |     2 ||     8
       Punch             |     1 |       ||     1
Throw: Stone             |     1 |       ||     1
 Cast: Beastly Appendage |     1 |       ||     1
  Use: Potion            |       |     1 ||     1
 Stab: Sleeping          |     8 |     2 ||    10
  Eat: Chunk             |     2 |     1 ||     3
Armor: Skin              |     1 |     1 ||     2
Dodge: Dodged            |    23 |    17 ||    40
